 Dungeon Crawl Stone Soup version 0.31.0-11-ge490571c62 (webtiles) character file.

Game seed: 13386464474540732165

9 browni3141 the Shooter (level 2, 22/22 HPs)
             Began as a Demonspawn Hunter on Jan 31, 2024.
             Got out of the dungeon alive.
             The game lasted 00:00:03 (76 turns).

browni3141 the Shooter (Demonspawn Hunter)            Turns: 76, Time: 00:00:04

Health: 22/22      AC:  3    Str: 11    XL:     2   Next: 3%
Magic:  2/2        EV: 12    Int:  9    God:
Gold:   0          SH:  0    Dex: 16    Spells: 1/1 levels left

rFire   . . .        a - +0 shortbow
rCold   . . .        (shield currently unavailable)
rNeg    . . .        c - +0 leather armour
rPois   .            (no helmet)
rElec   .            (no cloak)
rCorr   .            (no gloves)
SInv    .            (no boots)
Will    .....        (no amulet)
Stlth   ++           (no ring)
HPRegen 0.23/turn    (no ring)
MPRegen 0.08/turn

%: no passive effects
@: no status effects
A: powered by pain 1
a: no special abilities


You escaped.
You visited 1 branch of the dungeon, and saw 1 of its levels.

Inventory:

Hand Weapons
 a - a +0 shortbow (weapon)
Armour
 c - a +0 leather armour (worn)
Scrolls
 b - a scroll of butterflies
Potions
 d - a potion of curing {unknown}


   Skills:
 + Level 2.2 Fighting
 + Level 3.7 Ranged Weapons
 + Level 2.0 Dodging
 + Level 1.2 Stealth


You had one spell level left.
You didn't know any spells.
Your spell library was empty.

Dungeon Overview and Level Annotations

Branches:
Dungeon (1/15)

Altars:


Innate Abilities, Weirdness & Mutations

You sometimes gain a little power by taking damage.


Message History

Welcome, browni3141 the Demonspawn Hunter.
Will you be the one to retrieve the fantabulous Orb of Zot from the depths?
Press ? for a list of commands and other information.
Found a white potion.
Found a staircase leading out of the dungeon.
Setting a skill training target for Axes at 18.0.
Setting a skill training target for Invocations at 14.0.
Setting a skill training target for Throwing at 11.0.
No target in view!
There is an empty arch of ancient stone here.
d - a white potion No target in view!
There is a fountain of clear blue water here.
There is a fountain of clear blue water here.
There is a fountain of clear blue water here.
A bat and a giant cockroach come into view.
You shoot an arrow.
The arrow completely misses the giant cockroach.
There are monsters nearby!
You shoot an arrow. The arrow hits the bat.
You kill the bat!
A giant cockroach is nearby!
You shoot an arrow.
The arrow hits the giant cockroach but does no damage.
The giant cockroach bites you but does no damage.
A giant cockroach is nearby!
You shoot an arrow.
The arrow barely misses the giant cockroach.
The giant cockroach bites you but does no damage.
The giant cockroach closely misses you.
A giant cockroach is nearby!
You shoot an arrow.
The arrow closely misses the giant cockroach.
The giant cockroach bites you but does no damage.
The giant cockroach closely misses you.
A giant cockroach is nearby!
You shoot an arrow. The arrow hits the giant cockroach.
The giant cockroach is heavily wounded.
The giant cockroach closely misses you.
A giant cockroach is nearby!
You shoot an arrow. The arrow hits the giant cockroach.
You kill the giant cockroach!
Your Stealth skill increases to level 1!
Things that are here:
a giant cockroach corpse; a bat corpse A quokka comes into view.
Found a stone staircase leading down.
You shoot an arrow. The arrow hits the quokka.
You kill the quokka!
You hear a loud squeak.
A rat comes into view.
A rat is nearby!
You shoot an arrow. The arrow hits the rat!
You kill the rat!
You see here a rat corpse.
A giant cockroach comes into view.
You shoot an arrow. The arrow hits the giant cockroach.
The giant cockroach is moderately wounded.
A giant cockroach is nearby!
You shoot an arrow.
The arrow closely misses the giant cockroach.
A giant cockroach is nearby!
You shoot an arrow. The arrow hits the giant cockroach!
You kill the giant cockroach!
An endoplasm comes into view.
An endoplasm is nearby!
You shoot an arrow. The arrow hits the endoplasm.
The endoplasm quivers.
The endoplasm is severely wounded.
You shoot an arrow. The arrow hits the endoplasm!
You kill the endoplasm!
Your Dodging skill increases to level 2!
A hobgoblin comes into view.
You shoot an arrow. The arrow hits the hobgoblin.
You kill the hobgoblin!
You have reached level 2!
Your demonic ancestry asserts itself...
You feel energised by your suffering.
There is a fountain of clear blue water here.
There is a staircase leading out of the dungeon here.
You have escaped!

#. #♣♣.♣♣ #.♣
...♣. #
#§.♣♣♣..♣ §##
#8♣..⌠.⌠♣♣♣..
##..♣⌠...⌠..♣
#.♣♣⌠..∩..⌠♣♣♣#
♣.⌠.......⌠..#
♣...∩.@.∩..♣♣#
#.♣⌠.......⌠.♣#
♣.⌠..∩..⌠.♣.#
#.♣♣⌠...⌠♣♣.##
# ♣..⌠.⌠.○♣♣#
...♣♣♣♣.♣♣○8#
##.♣..♣♣.♣☼## #
#♣♣.♣†#§#
#.##.##§#


There were no monsters in sight!

Vanquished Creatures
  A bat (D:1)
  An endoplasm (D:1)
  2 giant cockroaches (D:1)
  A hobgoblin (D:1)
  A quokka (D:1)
  A rat (D:1)
7 creatures vanquished.

Notes
Turn   | Place    | Note
-------+----------+-------------------------------------------
     0 | D:1      | browni3141 the Demonspawn Hunter began the quest for the
                  | Orb.
     0 | D:1      | Reached XP level 1. HP: 16/16 MP: 1/1
    25 | D:1      | Reached skill level 1 in Stealth
    57 | D:1      | Gained mutation: You sometimes gain a little power by
                  | taking damage. [demonic ancestry]
    57 | D:1      | Reached XP level 2. HP: 22/22 MP: 2/2
    76 | D:$      | Got out of the dungeon alive.

Illustrated notes

Levels and vault maps discovered:
D:1:      heliophobic_arrival_enchanted_forest, layout_loops_ring,
          minmay_misc_feat_secret_circle

Skill      XL: |  1 |
---------------+----+-----
Stealth        | 1 |  1.2
Dodging        | 2 |  2.0
Fighting       | |  2.2
Ranged Weapons | |  3.7

Action                     || total
---------------------------++-------
   Fire: Shortbow          ||    15
 Armour: Leather armour    ||     3
  Dodge: Dodged            ||     3
